 Dungeon Crawl Stone Soup version 0.21.1-1-g345015f (webtiles) character file.

30 letownia2 the Chiller (level 3, 26/26 HPs)
             Began as a Ghoul Ice Elementalist on Feb 13, 2018.
             Quit the game on level 2 of the Dungeon.
             The game lasted 00:03:06 (550 turns).

letownia2 the Chiller (Ghoul Ice Elementalist)       Turns: 550, Time: 00:03:07

Health: 26/26      AC:  3    Str: 11    XL:     3   Next: 18%
Magic:  3/4        EV: 11    Int: 11    God:
Gold:   59         SH:  0    Dex:  9    Spells: 2/5 levels left

rFire    . . .     SeeInvis .   (no weapon)
rCold    + . .     Gourm    .   (no shield)
rNeg     + + +     Faith    .   f - +0 leather armour
rPois    ∞         Spirit   .   (no helmet)
rElec    .         Reflect  .   (no cloak)
rCorr    .         Harm     .   (no gloves)
MR       .....                  (no boots)
Stlth    +.........             (no amulet)
HPRegen  0.08/turn              (no ring)
MPRegen  0.09/turn              (no ring)

@: rotting
A: rotting body, claws 1, carnivore, cold resistance 1, negative energy
resistance 3, inhibited regeneration, torment resistance, unbreathing
a: no special abilities


You were on level 2 of the Dungeon.
You were not hungry.

You visited 1 branch of the dungeon, and saw 2 of its levels.

You collected 59 gold pieces.

Inventory:

Hand Weapons
 i - a +0 whip
 j - a +0 dagger
Armour
 a - a +0 robe
 f - a +0 leather armour (worn)
Scrolls
 d - a scroll of magic mapping {unknown}
 g - a scroll of teleportation {unknown}
 k - a scroll of fog {unknown}
 m - 3 scrolls of identify {unknown}
Potions
 e - a potion of ambrosia {unknown}
 h - a potion of curing {unknown}
 n - a potion of flight {unknown}
Books
 b - a book of Frost

   Spells                             Type                      Level
   a - Freeze                         Ice                          1
   b - Throw Frost                    Conjuration/Ice              2
   c - Ozocubu's Armour               Charms/Ice                   3
   d - Throw Icicle                   Conjuration/Ice              4
   e - Summon Ice Beast               Ice/Summoning                4
Comestibles
 c - 3 rations
 l - 4 chunks of flesh


   Skills:
 + Level 0.2 Fighting
 - Level 1.7 Dodging
 - Level 2.1 Stealth
 + Level 1.8 Spellcasting
 + Level 0.8 Conjurations
 + Level 4.5 Ice Magic


You had 2 spell levels left.
You knew the following spells:

 Your Spells              Type           Power        Failure   Level  Hunger
a - Freeze                Ice            ##..         6%          1    ##.....
f - Throw Frost           Conj/Ice       #.....       19%         2    ###....


Dungeon Overview and Level Annotations

Branches:
Dungeon (2/15)

Altars:


Innate Abilities, Weirdness & Mutations

Your body is rotting away.
You thrive on raw meat.
You are immune to poison.
You have sharp fingernails.
You are carnivorous and can eat meat at any time.
Your flesh is cold resistant. (rC+)
You are immune to negative energy. (rN+++)
You do not regenerate when monsters are visible.
You are immune to unholy pain and torment.
You can survive without breathing.


Message History

Unknown command.
Casting: Freeze
Confirm with . or Enter, or press ? or * to list all spells.
Aiming: Freeze
Press: ? - help, Shift-Dir - straight line, f/p - bat
Aim: a bat (heavily wounded)
You freeze the bat.
The bat is severely wounded.
The bat hits you but does no damage.
Unknown command.
The bat misses you.
You closely miss the bat.
The bat is severely wounded.
The bat hits you but does no damage.
You scratch the bat.
You kill the bat!
You see here a bat corpse.
You butcher the bat corpse.
l - 4 chunks of flesh (gained 1) Are you sure you want to abandon this character and quit the game? (Confirm with "yes".)

#.......#
#.......#
##.....## #.....#
#.###.# ###.###.#
#.......#
#.#........
#@#######.# #.#
#.# #.# #...# ####
### #.# #.# #.#.#
...# #.# #.# #.#
#.#.# ##.# #.# #.#
#.# #.#.# ##.###.#
#.#######.# #.#.#
.......#
#.........####.#.#
##.##### ###
##......#.# ##.#
#..........


There were no monsters in sight!

Vanquished Creatures
  An adder (D:2)
  A dart slug (D:1)
  A giant cockroach (D:1)
  5 goblins
  A hobgoblin (D:1)
  2 bats
  A frilled lizard (D:1)
  4 kobolds
  2 rats (D:1)
18 creatures vanquished.

Notes
Turn   | Place    | Note
-------+----------+-------------------------------------------
     0 | D:1      | letownia2 the Ghoul Ice Elementalist began the quest for the Orb.
     0 | D:1      | Reached XP level 1. HP: 14/14 MP: 2/2
   151 | D:1      | Reached XP level 2. HP: 10/20 MP: 1/3
   186 | D:1      | Reached skill level 4 in Ice Magic
   361 | D:1      | Learned a level 2 spell: Throw Frost
   409 | D:2      | Reached XP level 3. HP: 25/25 MP: 1/4
   550 | D:2      | Quit the game

Skill      XL: |  1  2 |
---------------+-------+-----
Ice Magic      | 4 |  4.5
Fighting       | |  0.2
Dodging        | |  1.7
Stealth        | |  2.1
Spellcasting   | |  1.8
Conjurations   | |  0.8

Action                   || total
-------------------------++-------
Melee: Unarmed           ||    19
 Cast: Freeze            ||    23
 Stab: Sleeping          ||     1
  Eat: Chunk             ||     6
Armor: Robe              ||     5
       Leather armour    ||     6
Dodge: Dodged            ||    26
